 Dungeon Crawl Stone Soup version 0.20-a0-1109-ge3cd172 (webtiles) character file.

18158 theAP the Bludgeoner (level 12, -8/82 HPs)
             Began as a Gargoyle Fighter on May 5, 2017.
             Was the Champion of Okawaru.
             Mangled by a very large slime creature (29 damage)
             ... on level 12 of the Dungeon.
             The game lasted 00:33:12 (14433 turns).

theAP the Bludgeoner (Gargoyle Fighter)            Turns: 14433, Time: 00:33:13

Health: -8/82      AC: 24    Str: 24    XL:     12   Next: 55%
Magic:  12/12      EV:  4    Int:  8    God:    Okawaru [******]
Gold:   433        SH: 15    Dex: 16    Spells: 11/11 levels left

rFire    . . .     SeeInvis .   B - +7 whip (pain)
rCold    . . .     Gourm    .   c - +1 shield
rNeg     + . .     Faith    .   v - +0 plate armour
rPois    ∞         Spirit   .   H - +0 helmet
rElec    +         Reflect  +   (no cloak)
rCorr    .         Harm     .   g - +2 pair of gloves
MR       +....                  (no boots)
Stlth    ..........             P - +4 amulet of reflection
Regen    0.3/turn               l - ring of wizardry
MPRegen  0.2/turn               J - +5 ring of dexterity

@: no status effects
A: agile 1, dopey 1, magic resistance 1, negative energy resistance 1,
electricity resistance, unbreathing, petrification resistance, rot immunity, AC
+8
a: Heroism, Finesse, Renounce Religion


You were on level 12 of the Dungeon.
You worshipped Okawaru.
Okawaru was exalted by your worship.
You were near starving.

You visited 2 branches of the dungeon, and saw 13 of its levels.
You also visited: Sewer.

You collected 757 gold pieces.
You spent 324 gold pieces at shops.

Inventory:

Hand Weapons
 e - a +1 dire flail of protection
 p - the +1 eveningstar of Destiny {elec, rElec}
   (You acquired it on level 12 of the Dungeon)

   Occasionally, upon striking a foe, it will discharge some electrical energy
   and cause terrible harm.
   It insulates you from electricity.
 B - a +7 whip of pain (weapon)
Armour
 c - a +1 shield (worn)
 g - a +2 pair of gloves (worn)
 v - a +0 plate armour (worn)
 H - a +0 helmet (worn)
Jewellery
 a - the amulet of Music {Inacc *Slow rPois MR+ Int+4}
   (You found it on level 11 of the Dungeon)

   [amulet of inaccuracy]

   It reduces the accuracy of all your attacks.
   It affects your intelligence (+4).
   It protects you from poison.
   It affects your resistance to hostile enchantments.
   It may slow you when you take damage.
 l - a ring of wizardry (left hand)
 J - a +5 ring of dexterity (right hand)
 P - a +4 amulet of reflection (around neck)
Wands
 b - a wand of flame (37/48)
 q - a wand of lightning (5/15)
 s - a wand of random effects (21/48)
 u - a wand of scattershot (7/9)
 A - a wand of acid (7/15)
 L - a wand of lightning (8/15)
 N - a wand of iceblast (7/15)
 O - a wand of flame (20/48)
 U - a wand of iceblast (2/15)
 W - a wand of flame (34/48)
Scrolls
 d - 4 scrolls of amnesia
 m - 3 scrolls of remove curse
 n - 12 scrolls of teleportation
 y - 2 scrolls of recharging
 z - a scroll of fear
 F - 3 scrolls of fog
 I - 4 scrolls of magic mapping
 Y - a scroll of enchant armour
Potions
 i - 3 potions of brilliance
 j - 3 potions of ambrosia
 k - a potion of agility
 r - 7 potions of flight
 t - 6 potions of lignification
 w - 3 potions of magic
 D - 2 potions of degeneration
 G - a potion of might
Books
 o - a book of Flames

   Spells                             Type                      Level
   a - Flame Tongue                   Conjuration/Fire             1
   b - Throw Flame                    Conjuration/Fire             2
   c - Conjure Flame                  Conjuration/Fire             3
   d - Inner Flame                    Hexes/Fire                   3
   e - Sticky Flame                   Conjuration/Fire             4
   f - Fireball                       Conjuration/Fire             5
Comestibles
 f - 12 bread rations
 h - 11 fruits
 E - 8 meat rations
 S - 2 royal jellies


   Skills:
 + Level 12.8 Fighting
 * Level 15.8 Maces & Flails
 - Level 3.2 Armour
 - Level 3.2 Shields


You had 11 spell levels left.
You didn't know any spells.

Dungeon Overview and Level Annotations

Branches:
Dungeon (12/15)            Temple (1/1) D:7            Lair (0/6) D:10
    Orc (0/2) D:9

Altars:
Ashenzari
Cheibriados
Fedhas
Gozag
Hepliaklqana
Kikubaaqudgha
Makhleb
Nemelex Xobeh
Okawaru
Qazlal
Ru
Sif Muna
Trog
Uskayaw
Vehumet
Wu Jian
Xom
Yredelemnul
Zin
The Shining One

Shops:
D:5 !   D:7 =   D:9 *?   D:12 (


Innate Abilities, Weirdness & Mutations

You are resistant to torment.
Your stone body is resilient. (AC +8)
You are immune to poison.
You resist negative energy. (rN+)
You are resistant to electric shocks. (rElec)
You can survive without breathing.
You are immune to petrification.
You are immune to rotting.
You are agile. (Dex +2)
You are dopey. (Int -2)
You are resistant to hostile enchantments. (MR+)


Message History

The slime creature is lightly wounded.
The slime creature hits you.
* * * LOW HITPOINT WARNING * * *
Two slime creatures merge to form a large slime creature.
You thrash the large slime creature!!
The large slime creature is moderately wounded.
You block the slime creature's attack.
You hit the large slime creature.
The large slime creature is moderately wounded.
You block the large slime creature's attack.
Two slime creatures merge to form a very large slime creature.
Found 2 potions of brilliance.
There is an open door here.
You see here 2 potions of brilliance.
Found 8 gold pieces.
There is an open door here.
A slime creature comes into view.
The slime creature quivers.
The very large slime creature hits you!!
You die...

#######
#.@...#
#..J..#
#.....#
#.....#
#.....#
#.....#
##
#.....#
.##
##.J..#
..#
#....#


You could see a very large slime creature and a slime creature.

Vanquished Creatures
  A catoblepas (D:9)
  2 two-headed ogres
  Nergalle (D:10)
  A sixfirhy (D:12)
  An unseen horror (D:12)
  A cyclops (D:11)
  Joseph (D:10)
  Psyche (D:8)
  A freezing wraith (D:11)
  2 trolls
  Grinder (D:6)
  5 slime creatures (D:12)
  A hippogriff (D:7)
  The ghost of Paps the Covered, an amateur GrFi (D:4)
  A spriggan (D:7)
  A yak (shapeshifter) (D:9)
  13 yaks
  3 wyverns
  Grum (D:9)
  A steam dragon (D:11)
  An acid dragon (D:12)
  A water moccasin (D:9)
  7 ice beasts
  3 black bears
  12 orc warriors
  6 sky beasts
  5 ogres
  3 phantoms
  A necrophage (D:11)
  6 centaurs
  3 wolves (D:9)
  3 big kobolds (Sewer)
  3 gnoll sergeants
  A bullfrog (D:10)
  A water moccasin skeleton (D:5)
  3 scorpions
  5 wights
  10 killer bees
  4 crimson imps
  2 centaur zombies
  5 jellies
  A quasit (D:10)
  A bullfrog zombie (D:7)
  9 hounds
  13 orc wizards
  A centaur skeleton (D:9)
  2 gnoll shamans (D:9)
  9 orc priests
  A bullfrog skeleton (D:11)
  Terence (D:2)
  6 iguanas
  9 worker ants
  A hound zombie (D:11)
  2 hound skeletons
  Robin (D:2)
  19 gnolls
  A howler monkey skeleton (D:7)
  22 adders
  3 river rats
  2 shadow imps
  4 oozes
  3 adder zombies
  2 adder skeletons
  10 worms
  A dart slug (D:1)
  3 leopard geckos
  55 orcs
  7 ball pythons
  8 bats
  10 giant cockroaches
  5 hobgoblins
  16 jackals
  3 quokkas
  10 frilled lizards
  10 goblins
  10 kobolds
  A leopard gecko skeleton (D:4)
  11 rats
398 creatures vanquished.

Vanquished Creatures (others)
  Sonja (D:12)
  An orc (D:8)
2 creatures vanquished.

Grand Total: 400 creatures vanquished

Notes
Turn   | Place    | Note
-------+----------+-------------------------------------------
     0 | D:1      | theAP the Gargoyle Fighter began the quest for the Orb.
     0 | D:1      | Reached XP level 1. HP: 14/14 MP: 1/1
    82 | D:1      | Reached XP level 2. HP: 11/19 MP: 2/2
   153 | D:1      | Reached skill level 3 in Maces & Flails
   506 | D:1      | Reached XP level 3. HP: 23/23 MP: 3/3
  1213 | D:2      | Noticed a dagger
  1213 | D:2      | Noticed a hand axe
  1213 | D:2      | Noticed Terence
  1214 | D:2      | Found a hide-covered altar of Uskayaw.
  1217 | D:2      | Reached XP level 4. HP: 28/29 MP: 4/4
  1240 | D:2      | Killed Terence
  1240 | D:2      | Reached skill level 4 in Maces & Flails
  1595 | D:2      | Found a shattered altar of Ashenzari.
  1602 | D:2      | Saw a vision of the Shoals and the Snake Pit.
  1602 | D:2      | Noticed a salamander
  1602 | D:2      | Noticed a sea snake
  1602 | D:2      | Noticed a hippogriff
  1602 | D:2      | Noticed a merfolk siren
  1602 | D:2      | Noticed a guardian serpent
  1602 | D:2      | Noticed a black mamba
  1602 | D:2      | Noticed a naga mage
  1602 | D:2      | Noticed a merfolk
  1602 | D:2      | Noticed a black mamba
  1602 | D:2      | Noticed a merfolk
  1602 | D:2      | Noticed a salamander
  1602 | D:2      | Noticed a naga
  1602 | D:2      | Noticed a centaur
  1602 | D:2      | Noticed a hippogriff
  1602 | D:2      | Noticed a centaur
  1602 | D:2      | Noticed a naga ritualist
  1603 | D:2      | Noticed a merfolk
  1603 | D:2      | Noticed a naga
  1604 | D:2      | Noticed a merfolk
  1604 | D:2      | Noticed a centaur
  1604 | D:2      | Noticed a naga
  1707 | D:2      | Found a burning altar of Makhleb.
  1707 | D:2      | Noticed a green death
  1748 | D:2      | Noticed Robin
  1763 | D:2      | Killed Robin
  1763 | D:2      | Reached XP level 5. HP: 30/33 MP: 5/5
  2014 | D:3      | Found a glowing golden altar of the Shining One.
  2249 | D:3      | Found a glowing drain.
  2264 | Sewer    | Entered a sewer
  2362 | Sewer    | Reached skill level 5 in Maces & Flails
  2382 | Sewer    | Reached XP level 6. HP: 34/40 MP: 6/6
  2449 | Sewer    | Reached skill level 5 in Fighting
  2669 | Sewer    | Reached skill level 6 in Maces & Flails
  2875 | Sewer    | Reached XP level 7. HP: 44/44 MP: 7/7
  3019 | D:3      | Found a blossoming altar of Fedhas.
  3019 | D:3      | Found a sacrificial altar of Ru.
  3022 | D:3      | Found a snail-covered altar of Cheibriados.
  3530 | D:4      | Noticed Paps's ghost (amateur GrFi)
  3581 | D:4      | Killed Paps's ghost
  3581 | D:4      | Reached skill level 7 in Maces & Flails
  3893 | D:4      | Reached XP level 8. HP: 41/51 MP: 8/8
  4401 | D:5      | Entered Level 5 of the Dungeon
  4404 | D:5      | Found Iphidogum's Distillery.
  4496 | D:5      | Found a stormy altar of Qazlal.
  4540 | D:5      | Found an opulent altar of Gozag.
  4873 | D:5      | Reached skill level 8 in Maces & Flails
  5035 | D:5      | Found a hazy altar of Hepliaklqana.
  5222 | D:6      | Found a blossoming altar of Fedhas.
  5947 | D:6      | Noticed Grinder
  5970 | D:6      | Killed Grinder
  5970 | D:6      | Reached skill level 9 in Maces & Flails
  6430 | D:6      | Reached XP level 9. HP: 52/57 MP: 9/9
  6621 | D:7      | Found a sparkling altar of Nemelex Xobeh.
  6663 | D:7      | Found a stormy altar of Qazlal.
  6667 | D:7      | Found a staircase to the Ecumenical Temple.
  6684 | Temple   | Entered the Ecumenical Temple
  6811 | Temple   | Became a worshipper of Warmaster Okawaru
  6852 | D:7      | Reached skill level 10 in Maces & Flails
  7434 | D:7      | Reached * piety under Okawaru
  7637 | D:7      | Found Tiret's Jewellery Shoppe.
  7644 | D:7      | Bought a +4 amulet of reflection for 324 gold pieces
  7882 | D:7      | Reached skill level 11 in Maces & Flails
  8260 | D:8      | Reached XP level 10. HP: 48/66 MP: 10/10
  8292 | D:8      | Noticed a two-headed ogre
  8312 | D:8      | Killed a two-headed ogre
  8312 | D:8      | Reached ** piety under Okawaru
  8322 | D:8      | Noticed Psyche
  8340 | D:8      | Killed Psyche
  8340 | D:8      | Reached skill level 12 in Maces & Flails
  8654 | D:8      | Reached skill level 10 in Fighting
  8673 | D:8      | Reached *** piety under Okawaru
  8810 | D:8      | Found a shimmering altar of Xom.
  9423 | D:8      | HP: 1/68 [acid (6)]
  9430 | D:8      | HP: 1/68 [orc warrior/flail (7)]
  9447 | D:8      | HP: 3/68 [orc priest/divine providence (9)]
  9684 | D:8      | Reached **** piety under Okawaru
  9906 | D:8      | Reached skill level 13 in Maces & Flails
 10001 | D:9      | Found a staircase to the Orcish Mines.
 10020 | D:9      | Reached XP level 11. HP: 68/73 MP: 11/11
 10347 | D:9      | Found Qetap's Magic Scroll Emporium.
 10414 | D:9      | Found Genouwir's General Store.
 10449 | D:9      | Noticed a two-headed ogre
 10465 | D:9      | Killed a two-headed ogre
 10465 | D:9      | Reached ***** piety under Okawaru
 10485 | D:9      | Found a glowing silver altar of Zin.
 10915 | D:9      | Noticed Grum
 10949 | D:9      | Killed Grum
 11098 | D:9      | Noticed a catoblepas
 11120 | D:9      | Killed a catoblepas
 11120 | D:9      | Received a gift from Okawaru
 11120 | D:9      | Reached skill level 14 in Maces & Flails
 11226 | D:9      | Noticed a harpy
 11231 | D:9      | a harpy changed into a guardian serpent
 11408 | D:10     | Entered Level 10 of the Dungeon
 11523 | D:10     | Noticed Joseph
 11557 | D:10     | Killed Joseph
 11636 | D:10     | Noticed Nergalle
 11647 | D:10     | Killed Nergalle
 11676 | D:10     | Found a staircase to the Lair.
 12552 | D:11     | Reached XP level 12. HP: 81/81 MP: 12/12
 12589 | D:11     | Reached skill level 15 in Maces & Flails
 12685 | D:11     | Got a crude jade amulet
 12687 | D:11     | Identified the amulet of Music {Inacc *Slow rPois MR+ Int+4} (You found it on level 11 of the Dungeon)
 13035 | D:11     | Gained mutation: Your body sometimes deteriorates upon taking damage. [potion of mutation]
 13035 | D:11     | Gained mutation: You possess an exceptional clarity of mind. [potion of mutation]
 13115 | D:11     | Received a gift from Okawaru
 13643 | D:12     | Identified a scroll of acquirement
 13648 | D:12     | Got a brightly glowing eveningstar
 13650 | D:12     | Identified the +1 eveningstar of Destiny {elec, rElec} (You acquired it on level 12 of the Dungeon)
 13763 | D:12     | Noticed Sonja
 13945 | D:12     | Found a runed door.
 13991 | D:12     | Found Jugiegou's Weapon Boutique.
 13998 | D:12     | Killed Sonja
 14032 | D:12     | Lost mutation: Your body sometimes deteriorates upon taking damage. [potion of mutation]
 14032 | D:12     | Lost mutation: You possess an exceptional clarity of mind. [potion of mutation]
 14032 | D:12     | Gained mutation: You are agile. (Dex +2) [potion of mutation]
 14032 | D:12     | Gained mutation: You are dopey. (Int -2) [potion of mutation]
 14032 | D:12     | Gained mutation: You are resistant to hostile enchantments. (MR+) [potion of mutation]
 14395 | D:12     | Reached ****** piety under Okawaru
 14433 | D:12     | Mangled by a very large slime creature

Vault maps used:
D:1:      ncdulo_halloftheorcs
D:2:      dancing_weapons_uskayaw, makhleb_altar_promises_db,
          grunt_ashenzari_visionary, uniq_terence, uniq_robin
D:3:      minitemple, gup_sewer_entry_bubbles
D:5:      nicolae_overflow_hidden_temple, serial_shops, shop, first_bread,
          basic_altar, grunt_qazlal_clouds
D:6:      basic_altar, uniq_grinder
D:7:      kennysheep_little_box, lemuel_crystal_altar, temple_fountains,
          serial_shops, shop_fountains, the_bakery
D:8:      tgw_xom, uniq_psyche
D:9:      old_standard_altar, david_orc_3, serial_gnoll_camp,
          gnoll_camp_mini_basic, gnoll_camp_huts_basic, gnoll_camp_mini_shop,
          gnoll_camp_mini_shop, gnoll_camp_mini_hut, evilmike_minifort,
          uniq_grum
D:10:     lair_entry_dummy, minivault_19, uniq_joseph, uniq_gastronok,
          uniq_nergalle
D:11:     grunt_potential
D:12:     cheibrodos_shockbox, serial_shops, shop, uniq_sonja
Temple:   minmay_temple_curvy_loop
Sewer:    sewer_co_15_rooms

Skill      XL: |  1  2  3  4  5  6  7  8  9 10 11 12 |
---------------+-------------------------------------+-----
Maces & Flails | 3 4 5 6 7 9 11 13 14 15 | 15.8
Fighting       | 4 5 6 7 9 10 12 | 12.8
Armour         | |  3.2
Shields        | |  3.2

Action                   |  1- 3 |  4- 6 |  7- 9 | 10-12 || total
-------------------------+-------+-------+-------+-------++-------
Melee: Flail             |   171 |   424 |   158 |       ||   753
       Whip              |       |       |   585 |  1255 ||  1840
  Use: Scroll            |     4 |     2 |     9 |    12 ||    27
       Potion            |       |     3 |     6 |     8 ||    17
  Eat: Chunk             |     1 |     7 |    12 |    15 ||    35
       Fruit             |       |       |     5 |       ||     5
       Royal jelly       |       |       |     1 |     2 ||     3
Armor: Scale mail        |    83 |    79 |       |       ||   162
       Plate armour      |       |   161 |   398 |   503 ||  1062
Dodge: Dodged            |    52 |    74 |    79 |   107 ||   312
Block: Shield            |    83 |   205 |   292 |   711 ||  1291
       Reflection        |       |       |       |    16 ||    16
